 Dungeon Crawl Stone Soup version 0.29.1-2-gbd0b4ee654 (webtiles) character file.

Game seed: 10772833519719573708

504 safid the Shooter (level 6, 0/58 HPs)
             Began as a Minotaur Hunter on Nov 2, 2022.
             Slain by Pikel
             ... wielding a +2 whip of electrocution
              (13 damage)
             ... on level 5 of the Dungeon.
             The game lasted 00:06:47 (3641 turns).

safid the Shooter (Minotaur Hunter)                 Turns: 3641, Time: 00:06:48

Health: 0/58       AC:  3    Str: 15    XL:     6   Next: 96%
Magic:  5/5        EV: 12    Int:  6    God:
Gold:   145        SH:  0    Dex: 16    Spells: 5/5 levels left

rFire   . . .      SeeInvis .   a - +0 shortbow
rCold   . . .      Faith    .   (shield currently unavailable)
rNeg    . . .      Spirit   .   c - +0 leather armour
rPois   .          Reflect  .   (helmet restricted)
rElec   .          Harm     .   (no cloak)
rCorr   .          Rampage  .   (no gloves)
Will    .....                   (no boots)
Stlth   +.........              b - amulet of regeneration
HPRegen 0.99/turn               (no ring)
MPRegen 0.09/turn               (no ring)

@: no status effects
A: horns 2, retaliatory headbutt
a: no special abilities


You were on level 5 of the Dungeon.
You visited 1 branch of the dungeon, and saw 5 of its levels.

You collected 280 gold pieces.
You spent 135 gold pieces at shops.

Inventory:

Hand Weapons
 a - a +0 shortbow (weapon)
Missiles
 l - 2 throwing nets
Armour
 c - a +0 leather armour (worn)
Jewellery
 b - an amulet of regeneration (around neck)
 r - a ring of positive energy
Scrolls
 d - a scroll of poison {unknown}
 f - 4 scrolls of enchant weapon {unknown}
 g - 4 scrolls of fog
 i - 5 scrolls of identify
 j - 2 scrolls of blinking {unknown}
 k - a scroll of fear {unknown}
 n - 3 scrolls of teleportation {unknown}
 s - a scroll of vulnerability {unknown}
 t - a scroll of summoning {unknown}
Potions
 e - 2 potions of curing
 h - a potion of might {unknown}
 m - 2 potions of mutation {unknown}
 o - a potion of magic {unknown}
 p - a potion of flight {unknown}
 q - a potion of heal wounds {unknown}


   Skills:
 + Level 6.6 Fighting
 + Level 7.2 Ranged Weapons
 - Level 2.1 Dodging
 - Level 0.7 Stealth


You had 5 spell levels left.
You didn't know any spells.
Your spell library contained the following spells:

 Spells                   Type           Power      Damage    Failure   Level
 Ensorcelled Hibernation  Hex/Ice        0%         N/A       67%         2
 Passwall                 Tmut/Erth      0%         N/A       67%         2
 Call Canine Familiar     Summ           0%         N/A       88%         3
 Portal Projectile        Hex/Tloc       0%         N/A       88%         3
 Swiftness                Air            0%         N/A       88%         3
 Animate Dead             Necr           0%         N/A       99%         4
 Leda's Liquefaction      Hex/Erth       0%         N/A       99%         4
 Lee's Rapid Deconstruct  Erth           0%         3d5*      100%        5
 Statue Form              Tmut/Erth      0%         N/A       100%        6
 Haunt                    Necr/Summ      0%         N/A       100%        7
 Infestation              Necr           0%         N/A       100%        8


Dungeon Overview and Level Annotations

Branches:
Dungeon (5/15)             Temple (0/1) D:5

Altars:
Zin

Shops:
D:1 !(?[!   D:3 *

Annotations:
D:5 Pikel


Innate Abilities, Weirdness & Mutations

You have a pair of horns on your head.
You reflexively headbutt those who attack you in melee.


Message History

Pikel is moderately wounded.
You shoot an arrow. The lemure shouts!
The arrow hits Pikel.
Pikel is moderately wounded.
You shoot an arrow.
The arrow hits Pikel but does no damage.
Pikel is moderately wounded.
Pikel hits you with a +2 whip of electrocution.
You shoot an arrow. The arrow closely misses Pikel.
The arrow hits the lemure!
The lemure is moderately wounded.
An orc comes into view. It is wielding a +0 dagger.
Pikel hits you with a +2 whip of electrocution!
You shoot an arrow. The orc shouts!
The arrow hits Pikel.
Pikel is heavily wounded.
You hear a shout!
Pikel hits you with a +2 whip of electrocution.
An orc comes into view. It is wielding a +0 mace. x2
Pikel hits you with a +2 whip of electrocution!
You are electrocuted!!
* * * LOW HITPOINT WARNING * * *
The orc moves out of view.
Fire: a) +0 shortbow
Press: ? - help, Q - select action, (/) - cycle Shift-Dir - straight line, f/p - Pikel
Aim: Pikel, wielding a +2 whip of electrocution and wearing a +0 robe (heavily wounded, 60% to hit)
You shoot an arrow.
The arrow hits Pikel but does no damage.
Pikel is heavily wounded.
Pikel barely misses you.
Fire: a) +0 shortbow
Press: ? - help, Q - select action, (/) - cycle Shift-Dir - straight line, f/p - Pikel
Aim: Pikel, wielding a +2 whip of electrocution and wearing a +0 robe (heavily wounded, 60% to hit)
You shoot an arrow. The arrow hits Pikel.
Pikel is heavily wounded.
Pikel hits you with a +2 whip of electrocution.
* * * LOW HITPOINT WARNING * * *
You are electrocuted!
You die...

####.......# #......##......
...######### ##...#..#.<....
.#.######### #.#.##...s....
.#.........# #............#
.#.........## ##....#......#
.#..........# #.####......+
.#..........# #.# #......#
.....#'####.#########+####......#
.#.....# #.#...@K5o.o.)........#
.#...#.# #.#.####.........#.....
...#.#.# #...# #.........'.....
...#.#.# ##### #.........#.....
####.#.# #.........#..... #.#.#
#.........#####.
#.#.###########.........# #.
####.#...........########### #.
<)...###########.# ##


You could see Pikel, a lemure and 2 orcs.

Vanquished Creatures
  An ogre (D:4)
  3 lemures
  A phantom (D:4)
  A scorpion (D:5)
  2 hounds (D:5)
  2 orc priests
  An orc wizard (D:5)
  4 adders
  2 ufetubi
  4 dart slugs
  10 orcs
  5 bats
  7 endoplasms
  6 giant cockroaches
  7 goblins
  8 hobgoblins
  2 jackals (D:3)
  5 quokkas
  8 ball pythons
  6 frilled lizards
  4 kobolds
  2 rats (D:1)
91 creatures vanquished.

Vanquished Creatures (others)
  4 plants (D:2)
4 creatures vanquished.

Grand Total: 95 creatures vanquished

Notes
Turn   | Place    | Note
-------+----------+-------------------------------------------
     0 | D:1      | safid the Minotaur Hunter began the quest for the Orb.
     0 | D:1      | Reached XP level 1. HP: 18/18 MP: 0/0
   167 | D:1      | Reached XP level 2. HP: 25/25 MP: 1/1
   504 | D:1      | Found Lokkeala's Weapon Emporium.
   512 | D:1      | Found Rosixof's Magic Scroll Shop.
   543 | D:1      | Reached skill level 5 in Ranged Weapons
   543 | D:1      | Reached XP level 3. HP: 31/31 MP: 2/2
   549 | D:1      | Bought a scroll of fog for 52 gold pieces
   549 | D:1      | Bought a scroll of noise for 13 gold pieces
   549 | D:1      | Bought a scroll of identify for 26 gold pieces
   621 | D:1      | Found Uxuoxac's Armour Boutique.
   679 | D:1      | Found Kexorphao's Distillery.
   858 | D:1      | Found Xiaph's Distillery.
   868 | D:1      | Bought a potion of degeneration for 11 gold pieces
   868 | D:1      | Bought a potion of curing for 33 gold pieces
  1330 | D:2      | Reached XP level 4. HP: 40/40 MP: 3/3
  2059 | D:3      | Found a glowing silver altar of Zin.
  2060 | D:3      | Found Zin's Purification Station.
  2387 | D:4      | Noticed an ogre
  2394 | D:4      | Killed an ogre
  2395 | D:4      | Reached skill level 5 in Fighting
  2395 | D:4      | Reached skill level 6 in Ranged Weapons
  2395 | D:4      | Reached XP level 5. HP: 35/48 MP: 4/4
  2557 | D:4      | Noticed a phantom
  2564 | D:4      | Killed a phantom
  2565 | D:4      | Reached XP level 6. HP: 57/57 MP: 5/5
  3061 | D:5      | Entered Level 5 of the Dungeon
  3215 | D:5      | Noticed Pikel
  3305 | D:5      | Found a staircase to the Ecumenical Temple.
  3451 | D:5      | Reached skill level 7 in Ranged Weapons
  3641 | D:5      | Slain by Pikel

Illustrated notes

Levels and vault maps discovered:
D:1:      minmay_arrival_diagonal_passages, layout_basic, serial_shops,
          shop_scrolls, nicolae_shop_competitors_out_of_business, shop,
          nicolae_shop_stone, shop_coins
D:2:      layout_basic, corner_web_ring, serial_bayou_crossing
D:3:      layout_loops_ring, zin_purify, grunt_decor_arrowhead,
          minmay_strange_pillars
D:4:      layout_basic
D:5:      layout_basic, minmay_temple_entry_large_hall, uniq_pikel

Skill      XL: |  1  2  3  4  5  6 |
---------------+-------------------+-----
Fighting       | 3 4 5 6 |  6.6
Ranged Weapons | 5 6 7 |  7.2
Dodging        | |  2.1
Stealth        | |  0.7

Action                   |  1- 3 |  4- 6 || total
-------------------------+-------+-------++-------
 Fire: Shortbow          |    94 |   171 ||   265
Armor: Leather armour    |     7 |    13 ||    20
Dodge: Dodged            |    23 |    47 ||    70
